 Dungeon Crawl Stone Soup version 0.30.0-19-g36f170ea60 (webtiles) character file.

Game seed: 6497693593816219838

10856 monsoonserge the Carver (level 11, -12/89 HPs)
             Began as a Gnoll Wanderer on May 31, 2023.
             Was an Initiate of Gozag.
             Mangled by a gargoyle
             ... wielding a +0 mace
              (20 damage)
             ... on level 12 of the Dungeon on June 1, 2023.
             The game lasted 01:04:11 (13004 turns).

monsoonserge the Carver (Gnoll Wanderer)           Turns: 13004, Time: 01:04:13

Health: -12/89     AC:  5    Str: 11    XL:     11   Next: 68%
Magic:  18/21      EV: 15    Int: 12    God:    Gozag
Gold:   2563       SH:  6    Dex: 16    Spells: 11/23 levels left

rFire   . . .        V - +3 scimitar (freeze)
rCold   . . .        c - +0 buckler
rNeg    + . .        x - +2 robe {Will+}
rPois   .            (helmet currently unavailable)
rElec   .            S - +0 cloak
rCorr   .            (no gloves)
SInv    +            q - melded +0 pair of boots
Will    +....        l - amulet of the acrobat
Stlth   ++++         j - ring of positive energy
HPRegen 0.34/turn    w - ring of see invisible
MPRegen 0.17/turn

%: acrobat
@: appendages
A: horns 2, talons 2, fangs 1, strong nose, distributed training
a: End Transformation, Renounce Religion, Potion Petition, Call Merchant, Bribe
Branch


You were on level 12 of the Dungeon.
You worshipped Gozag.
Gozag was most pleased with you.
You had temporarily grown beastly horns and talons.
You visited 3 branches of the dungeon, and saw 14 of its levels.

You collected 2700 gold pieces.
You spent 30 gold pieces at shops.
You paid 107 gold pieces to Gozag.

Inventory:

Hand Weapons
 I - a +0 scimitar of holy wrath
 Q - a +3 dagger of electrocution
 R - a +2 vampiric short sword
 V - a +3 scimitar of freezing (weapon)
Missiles
 M - a throwing net
 P - 26 poisoned darts
 T - 17 boomerangs (quivered)
 U - 4 curare-tipped darts
 Y - 5 javelins
Armour
 c - a +0 buckler (worn)
 q - a +0 pair of boots (melded)
 x - a +2 robe of willpower (worn)
 J - +0 steam dragon scales
 L - a +0 plate armour
 S - a +0 cloak (worn)
Magical Staves
 X - a staff of conjuration
Jewellery
 j - a ring of positive energy (left hand)
 l - an amulet of the acrobat (around neck)
 w - a ring of see invisible (right hand)
 D - a ring of fire
 W - a ring of flight
 Z - a ring of magical power
Wands
 a - a wand of iceblast (5)
 f - a wand of digging (4)
 h - a wand of polymorph (3)
 p - a wand of mindburst (10)
 C - a wand of light (20)
 H - a wand of charming (7)
Scrolls
 b - a scroll of fog
 d - 6 scrolls of blinking
 e - a scroll of acquirement {unknown}
 k - 3 scrolls of enchant weapon
 n - 8 scrolls of teleportation
 o - a scroll of immolation {unknown}
 r - a scroll of vulnerability {unknown}
 s - 2 scrolls of noise {unknown}
 v - a scroll of fear {unknown}
 B - a scroll of magic mapping {unknown}
 G - a scroll of amnesia {unknown}
 O - a scroll of poison {unknown}
Potions
 g - 2 potions of magic
 i - 9 potions of curing
 m - 2 potions of flight
 u - 4 potions of mutation
 y - a potion of cancellation {unknown}
 z - 2 potions of heal wounds
 A - 3 potions of resistance
 E - 3 potions of lignification
 F - 4 potions of might
 K - 3 potions of brilliance
 N - a potion of haste {unknown}


   Skills:
 + Level 9.5 Fighting
 + Level 6.7 Short Blades
 + Level 9.5 Long Blades
 + Level 6.7 Axes
 + Level 6.7 Maces & Flails
 + Level 6.7 Polearms
 + Level 6.7 Staves
 + Level 6.7 Ranged Weapons
 + Level 6.7 Throwing
 + Level 6.7 Armour
 + Level 6.7 Dodging
 + Level 7.2 Stealth
 + Level 7.3 Shields
 + Level 8.2 Unarmed Combat
 + Level 6.7 Spellcasting
 + Level 5.6 Conjurations
 + Level 5.6 Hexes
 + Level 5.6 Summonings
 + Level 5.6 Necromancy
 + Level 5.6 Translocations
 + Level 5.6 Transmutations
 + Level 5.6 Fire Magic
 + Level 5.6 Ice Magic
 + Level 5.6 Air Magic
 + Level 5.6 Earth Magic
 + Level 5.6 Poison Magic
 + Level 7.4 Invocations
 + Level 6.7 Evocations


You had 11 spell levels left.
You knew the following spells:

 Your Spells              Type           Power      Damage    Failure   Level
a - Beastly Appendage     Tmut           34%        N/A       2%          1
b - Spider Form           Tmut/Pois      17%        N/A       7%          3
c - Wereblood             Tmut           17%        N/A       3%          2
d - Volatile Blastmotes   Fire/Tloc      34%        2d12      7%          3
e - Swiftness             Air            17%        N/A       7%          3

Your spell library contained the following spells:

 Spells                   Type           Power      Damage    Failure   Level
 Apportation              Tloc           34%        N/A       2%          1
 Slow                     Hex            68%        N/A       2%          1
 Ensorcelled Hibernation  Hex/Ice        34%        N/A       3%          2
 Passwall                 Tmut/Erth      14%        N/A       3%          2
 Confusing Touch          Hex            17%        N/A       7%          3
 Stone Arrow              Conj/Erth      34%        3d9       7%          3
 Vampiric Draining        Necr           17%        2d7       7%          3
 Animate Armour           Summ/Erth      34%        N/A       22%         4
 Fulminant Prism          Conj/Hex       8%         3d7       22%         4
 Iskenderun's Mystic Bla  Conj/Tloc      17%        2d5       22%         4
 Summon Ice Beast         Ice/Summ       17%        N/A       22%         4
 Summon Lightning Spire   Summ/Air       17%        N/A       22%         4
 Alistair's Intoxication  Tmut/Pois      11%        N/A       52%         5
 Iskenderun's Battlesphe  Conj           17%        2d7       52%         5
 Lee's Rapid Deconstruct  Erth           8%         3d7*      52%         5
 Summon Mana Viper        Hex/Summ       17%        N/A       52%         5
 Iron Shot                Conj/Erth      8%         9d3       98%         6
 Monstrous Menagerie      Summ           8%         N/A       100%        7
 Spellforged Servitor     Conj/Summ      8%         N/A       100%        7
 Storm Form               Tmut/Air       8%         N/A       100%        7
 Lehudib's Crystal Spear  Conj/Erth      8%         10d4      100%        8
 Maxwell's Capacitive Co  Air            8%         ∞         100%        8


Dungeon Overview and Level Annotations

Branches:
Dungeon (12/15)            Temple (1/1) D:4            Lair (0/5) D:10
    Orc (1/2) D:9

Altars:
Ashenzari
Cheibriados
Dithmenos
Elyvilon
Fedhas
Gozag
Hepliaklqana
Kikubaaqudgha
Makhleb
Nemelex Xobeh
Okawaru
Qazlal
Ru
Sif Muna
Trog
Uskayaw
Vehumet
Wu Jian
Xom
Yredelemnul
Zin
The Shining One

Shops:
D:4 !   D:5 (

Annotations:
D:10 1 runed translucent door


Innate Abilities, Weirdness & Mutations

You have temporarily grown beastly horns and talons.
You have very sharp teeth.
Your uncanny sense of smell can sniff out nearby items.
Your experience applies equally to all skills.


Message History

You block the stone arrow.
Aiming: Throw Flame
Press: ? - help, Q - select action, (/) - cycle Shift-Dir - straight line, f/p - gargoyle
Aim: a gargoyle, wielding a +0 mace (88% to hit)
The puff of flame hits the gargoyle but does no damage.
The now-empty wand crumbles to dust.
Throw: 17 boomerangs
Press: ? - help, Q - select action, (/) - cycle Shift-Dir - straight line, f/p - gargoyle
Aim: a gargoyle, wielding a +0 mace (79% to hit)
You throw a boomerang. The boomerang hits the gargoyle!
The gargoyle is moderately damaged.
Casting: Volatile Blastmotes (dangerous; 7% risk of failure)
Confirm with . or Enter, or press ? or * to list all spells.
You extend your transformation's duration.
You hit the gargoyle but do no damage.
The gargoyle is moderately damaged.
The gargoyle hits you with a +0 mace!
You hit the gargoyle but do no damage.
You claw the gargoyle, but do no damage.
The gargoyle is moderately damaged.
The gargoyle hits you with a +0 mace!
You hit the gargoyle but do no damage. You claw the gargoyle.
Your headbutt misses the gargoyle.
The gargoyle is heavily damaged.
The gargoyle hits you with a +0 mace!
You slash the gargoyle! You freeze the gargoyle.
The gargoyle is almost destroyed.
You closely miss the gargoyle.
You claw the gargoyle, but do no damage.
You bite the gargoyle, but do no damage.
The gargoyle is almost destroyed.
The gargoyle hits you with a +0 mace!!
You hit the gargoyle but do no damage. Your kick misses the gargoyle.
You headbutt the gargoyle, but do no damage.
The gargoyle is almost destroyed.
The gargoyle hits you with a +0 mace!!
* * * LOW HITPOINT WARNING * * *
The gargoyle hits you with a +0 mace!!
You die...
Your body crumbles into a pile of gold.

#########
#########........
........9@#
########.## #.#
#.# #.# #.# #.#
### #.# ..####.#


You could see a gargoyle.

Vanquished Creatures
  An orc high priest (Orc:1)
  Maurice (D:8)
  Maggie (D:7)
  3 trolls
  Sigmund (D:3)
  4 shadows
  21 yaks
  A vampire (D:10)
  A wraith (D:9)
  2 wyverns (D:10)
  Eustachio (D:5)
  Menkaure (D:5)
  A water moccasin (D:7)
  8 orc warriors
  A black bear (D:7)
  An ice beast (D:6)
  A sky beast (D:7)
  2 centaurs
  3 ogres
  2 kobold brigands
  A bullfrog (D:7)
  5 wights (D:8)
  3 troll zombies (D:9)
  3 killer bees (D:10)
  3 howler monkeys (D:9)
  2 electric eels (D:10)
  4 gnoll boudas
  2 sleepcaps
  2 hounds
  7 orc priests
  Natasha (twice) (D:3)
  Terence (D:3)
  3 iguanas
  17 orc wizards
  5 ogre zombies (D:9)
  12 gnolls
  7 adders
  A shadow imp (D:5)
  3 worms
  4 dart slugs
  41 orcs
  10 ball pythons
  10 endoplasms
  4 giant cockroaches
  8 goblins
  8 hobgoblins
  19 kobolds
  6 quokkas
  8 bats
  A goblin skeleton (D:9)
  4 goblin zombies (D:9)
  2 hobgoblin zombies (D:9)
  2 orc skeletons (D:9)
  16 orc zombies (D:9)
  10 rats
293 creatures vanquished.

Vanquished Creatures (collateral kills)
  An orc sorcerer (Orc:1)
  A troll (Orc:1)
  2 orcs (Orc:1)
4 creatures vanquished.

Vanquished Creatures (others)
  Sonja (Orc:1)
  2 trolls (Orc:1)
  2 orc warriors (Orc:1)
  3 orcs (Orc:1)
8 creatures vanquished.

Grand Total: 305 creatures vanquished

Notes
Turn   | Place    | Note
-------+----------+-------------------------------------------
     0 | D:1      | monsoonserge the Gnoll Wanderer began the quest for the
                  | Orb.
     0 | D:1      | monsoonserge set off with the following items: a +2
                  | falchion, a scroll of fog, a +0 buckler, a scroll of
                  | blinking, a +0 robe.
     0 | D:1      | Reached XP level 1. HP: 23/23 MP: 1/1
    60 | D:1      | Reached XP level 2. HP: 28/29 MP: 2/2
   157 | D:1      | Reached XP level 3. HP: 27/35 MP: 3/3
   563 | D:1      | Reached skill level 1 in Invocations
   721 | D:2      | Reached skill level 1 in Short Blades
   721 | D:2      | Reached skill level 1 in Axes
   721 | D:2      | Reached skill level 1 in Maces & Flails
   721 | D:2      | Reached skill level 1 in Polearms
   721 | D:2      | Reached skill level 1 in Staves
   721 | D:2      | Reached skill level 1 in Ranged Weapons
   721 | D:2      | Reached skill level 1 in Throwing
   721 | D:2      | Reached skill level 1 in Armour
   721 | D:2      | Reached skill level 1 in Dodging
   721 | D:2      | Reached skill level 1 in Spellcasting
   721 | D:2      | Reached skill level 1 in Evocations
   793 | D:2      | Reached XP level 4. HP: 40/41 MP: 5/5
  1084 | D:2      | Reached skill level 1 in Conjurations
  1084 | D:2      | Reached skill level 1 in Hexes
  1084 | D:2      | Reached skill level 1 in Summonings
  1084 | D:2      | Reached skill level 1 in Necromancy
  1084 | D:2      | Reached skill level 1 in Translocations
  1084 | D:2      | Reached skill level 1 in Transmutations
  1084 | D:2      | Reached skill level 1 in Fire Magic
  1084 | D:2      | Reached skill level 1 in Ice Magic
  1084 | D:2      | Reached skill level 1 in Air Magic
  1084 | D:2      | Reached skill level 1 in Earth Magic
  1084 | D:2      | Reached skill level 1 in Poison Magic
  1545 | D:3      | Noticed Sigmund
  1571 | D:3      | Killed Sigmund
  1572 | D:3      | Reached skill level 5 in Unarmed Combat
  1572 | D:3      | Reached XP level 5. HP: 25/47 MP: 6/8
  1572 | D:3      | Reached XP level 6. HP: 28/53 MP: 6/9
  1796 | D:3      | Noticed Natasha
  1805 | D:3      | Killed Natasha
  1920 | D:3      | Noticed Terence
  1930 | D:3      | Learned a level 1 spell: Beastly Appendage
  1943 | D:3      | Killed Terence
  2056 | D:3      | Found a faded altar of an unknown god.
  2344 | D:3      | Noticed Natasha
  2352 | D:3      | Killed Natasha
  2353 | D:3      | Reached XP level 7. HP: 12/60 MP: 7/10
  2665 | D:4      | Found Diuch's Distillery.
  2669 | D:4      | Bought a potion of curing for 30 gold pieces
  2676 | D:4      | Found a staircase to the Ecumenical Temple.
  2736 | Temple   | Entered the Ecumenical Temple
  2841 | Temple   | Became a worshipper of Gozag Ym Sagoz the Greedy
  3492 | D:5      | Entered Level 5 of the Dungeon
  3492 | D:5      | Noticed Eustachio
  3492 | D:5      | Noticed Menkaure
  3821 | D:5      | Killed Menkaure
  3856 | D:5      | Killed Eustachio
  4177 | D:5      | Found Yckuss's Weapon Boutique.
  4202 | D:5      | Reached XP level 8. HP: 52/67 MP: 12/12
  4543 | D:6      | Found a radiant altar of Vehumet.
  5484 | D:7      | Noticed Maggie
  5496 | D:7      | Killed Maggie
  5497 | D:7      | Reached XP level 9. HP: 73/73 MP: 14/14
  5695 | D:7      | Learned a level 3 spell: Spider Form
  5902 | D:7      | Reached skill level 5 in Shields
  6083 | D:7      | Found a blossoming altar of Fedhas.
  6354 | D:7      | Found a burning altar of Makhleb.
  6384 | D:7      | Reached skill level 5 in Stealth
  7084 | D:8      | Reached skill level 5 in Invocations
  7242 | D:8      | Learned a level 2 spell: Wereblood
  7280 | D:8      | Reached skill level 5 in Short Blades
  7280 | D:8      | Reached skill level 5 in Axes
  7280 | D:8      | Reached skill level 5 in Maces & Flails
  7280 | D:8      | Reached skill level 5 in Polearms
  7280 | D:8      | Reached skill level 5 in Staves
  7280 | D:8      | Reached skill level 5 in Ranged Weapons
  7280 | D:8      | Reached skill level 5 in Throwing
  7280 | D:8      | Reached skill level 5 in Armour
  7280 | D:8      | Reached skill level 5 in Dodging
  7280 | D:8      | Reached skill level 5 in Spellcasting
  7280 | D:8      | Reached skill level 5 in Evocations
  7280 | D:8      | Reached XP level 10. HP: 50/81 MP: 11/17
  7590 | D:8      | Found a sacrificial altar of Ru.
  7591 | D:8      | Noticed Maurice
  7606 | D:8      | Killed Maurice
  8573 | D:9      | Found a staircase to the Orcish Mines.
  9189 | D:9      | Learned a level 3 spell: Volatile Blastmotes
  9387 | D:9      | Found a shadowy altar of Dithmenos.
  9388 | D:9      | Found a hazy altar of Hepliaklqana.
  9429 | Orc:1    | Entered Level 1 of the Orcish Mines
  9429 | Orc:1    | Noticed an orc sorcerer
  9431 | Orc:1    | Noticed a smoke demon
  9434 | Orc:1    | Noticed an orc high priest
  9446 | Orc:1    | Noticed a rust devil
  9447 | Orc:1    | Noticed Sonja
  9458 | Orc:1    | Noticed a sun demon
  9464 | Orc:1    | HP: 3/82 [troll (14)]
  9468 | Orc:1    | Noticed an orc high priest
  9483 | Orc:1    | Your ally Sonja died
  9490 | Orc:1    | Noticed a sun demon
  9491 | Orc:1    | Noticed a rust devil
  9493 | Orc:1    | Killed an orc sorcerer
  9497 | Orc:1    | Killed an orc high priest
  9503 | Orc:1    | Reached skill level 5 in Conjurations
  9503 | Orc:1    | Reached skill level 5 in Hexes
  9503 | Orc:1    | Reached skill level 5 in Summonings
  9503 | Orc:1    | Reached skill level 5 in Necromancy
  9503 | Orc:1    | Reached skill level 5 in Translocations
  9503 | Orc:1    | Reached skill level 5 in Transmutations
  9503 | Orc:1    | Reached skill level 5 in Fire Magic
  9503 | Orc:1    | Reached skill level 5 in Ice Magic
  9503 | Orc:1    | Reached skill level 5 in Air Magic
  9503 | Orc:1    | Reached skill level 5 in Earth Magic
  9503 | Orc:1    | Reached skill level 5 in Poison Magic
  9511 | Orc:1    | Reached XP level 11. HP: 29/89 MP: 16/20
  9791 | D:10     | Entered Level 10 of the Dungeon
 10086 | D:10     | Learned a level 3 spell: Swiftness
 10233 | D:10     | Found a staircase to the Lair.
 10447 | D:10     | Noticed a stone giant
 10447 | D:10     | Noticed a great orb of eyes
 10447 | D:10     | Noticed a centaur warrior
 10448 | D:10     | Found a runed translucent door.
 10450 | D:10     | Noticed a yaktaur captain
 10450 | D:10     | Noticed an entropy weaver
 10450 | D:10     | Noticed a fire dragon
 11300 | D:11     | HP: 2/89 [yak (12)]
 12430 | D:11     | Found a shimmering blue altar of Sif Muna.
 13004 | D:12     | Mangled by a gargoyle

Illustrated notes

Levels and vault maps discovered:
D:1:      tarquinn_simple_flora_water_f, layout_rooms, minivault_27,
          minmay_tetromino_l4
D:2:      layout_basic, kennysheep_generic_room_6
D:3:      layout_basic, ebering_ecumenical_altar_webs,
          kennysheep_decorative_pillar, uniq_sigmund, uniq_natasha, uniq_terence
D:4:      layout_loops_ring, temple_pool_b, serial_shops, shop_statue
D:5:      layout_rooms, serial_shops, nicolae_shop_bloodbath_and_beyond,
          minmay_crossroads, uniq_eustachio, uniq_menkaure
D:6:      layout_rooms, mainiacjoe_overflow_small_starburst
D:7:      layout_loops_corners, bloody_makhleb, fedhas_altar_4, uniq_maggie
D:8:      layout_basic, nicolae_ru_the_path_less_chosen, minmay_holes,
          nicolae_grassy_gnolls, uniq_maurice
D:9:      layout_loops_corners, riverfiend_overflow_shadow_ancestor,
          zombieorc2_lemuel
D:10:     minmay_gate_of_8, layout_basic, lair_entry_dummy
D:11:     layout_loops_cross, kennysheep_orc_sif_temple
D:12:     kennysheep_big_flooded_room, layout_loops_ring, special_room
          [special_room_orc], nrook_campfire
Temple:   nicolae_temple_superstar
Orc:1:    layout_caves, uniq_sonja

Skill      XL: |  1  2  3  4  5  6  7  8  9 10 11 |
---------------+----------------------------------+-----
Invocations    | 1 2 3 4 5 6 7 |  7.4
Short Blades   | 1 2 3 5 6 |  6.7
Axes           | 1 2 3 5 6 |  6.7
Maces & Flails | 1 2 3 5 6 |  6.7
Polearms       | 1 2 3 5 6 |  6.7
Staves         | 1 2 3 5 6 |  6.7
Ranged Weapons | 1 2 3 5 6 |  6.7
Throwing       | 1 2 3 5 6 |  6.7
Armour         | 1 2 3 5 6 |  6.7
Dodging        | 1 2 3 5 6 |  6.7
Spellcasting   | 1 2 3 5 6 |  6.7
Evocations     | 1 2 3 5 6 |  6.7
Conjurations   | 1 2 3 4 5 |  5.6
Hexes          | 1 2 3 4 5 |  5.6
Summonings     | 1 2 3 4 5 |  5.6
Necromancy     | 1 2 3 4 5 |  5.6
Translocations | 1 2 3 4 5 |  5.6
Transmutations | 1 2 3 4 5 |  5.6
Fire Magic     | 1 2 3 4 5 |  5.6
Ice Magic      | 1 2 3 4 5 |  5.6
Air Magic      | 1 2 3 4 5 |  5.6
Earth Magic    | 1 2 3 4 5 |  5.6
Poison Magic   | 1 2 3 4 5 |  5.6
Stealth        | 3 4 5 6 7 |  7.2
Shields        | 3 4 5 6 7 |  7.3
Unarmed Combat | 5 6 7 8 |  8.2
Fighting       | 7 8 9 |  9.5
Long Blades    | 7 8 9 |  9.5

Action                     |  1- 3 |  4- 6 |  7- 9 | 10-12 || total
---------------------------+-------+-------+-------+-------++-------
  Melee: Falchion          |    91 |   139 |   222 |       ||   452
         Bite              |     7 |     5 |    30 |    26 ||    68
         Kick              |       |     4 |     5 |    21 ||    30
         Headbutt          |       |     2 |     2 |     8 ||    12
         Unarmed           |       |       |    96 |   204 ||   300
         Scimitar          |       |       |    28 |   217 ||   245
  Throw: Dart              |       |       |       |     5 ||     5
         Boomerang         |       |       |       |     1 ||     1
   Cast: Beastly Appendage |       |     2 |     2 |    10 ||    14
         Spider Form       |       |       |     7 |    16 ||    23
         Wereblood         |       |       |     1 |    13 ||    14
         Volatile Blastmot |       |       |       |     5 ||     5
  Evoke: Wand              |       |     4 |     6 |    13 ||    23
    Use: Potion            |       |     1 |       |     4 ||     5
         Scroll            |       |       |       |    11 ||    11
   Stab: Sleeping          |     3 |     5 |     7 |     7 ||    22
         Invisible         |       |     2 |       |     1 ||     3
         Distracted        |       |       |     2 |     1 ||     3
 Armour: Robe              |    12 |    18 |    41 |     9 ||    80
         Ring mail         |    11 |     3 |       |       ||    14
         Leather armour    |       |     5 |       |       ||     5
         Steam dragon scal |       |       |     6 |    26 ||    32
         Skin              |       |       |     3 |     5 ||     8
  Dodge: Dodged            |    52 |    80 |   239 |   342 ||   713
  Block: Buckler           |    20 |    34 |    61 |    55 ||   170
